 Dungeon Crawl Stone Soup version 0.31-a0-854-g362426d53f (webtiles) character file.

Game seed: 16392175233954556245

101077 demibob the Shatterer (level 15, -27/146 HPs)
             Began as a Troll Chaos Knight on Oct 7, 2023.
             Was a Plaything of Xom.
             Annihilated by a naga
             ... wielding a +0 halberd
              (33 damage)
             ... on level 1 of the Snake Pit on Oct 8, 2023.
             The game lasted 00:48:30 (21120 turns).

demibob the Shatterer (Troll Chaos Knight)         Turns: 21120, Time: 00:48:32

Health: -27/146    AC: 21    Str: 28    XL:     15   Next: 82%
Magic:  14/14      EV: 11    Int:  8    God:    Xom [......]
Gold:   343        SH:  5    Dex: 12    Spells: 14/14 levels left

rFire   + . .        a - +4 giant spiked club (flame)
rCold   + + .        (shield currently unavailable)
rNeg    . . .        i - +0 swamp dragon scales
rPois   +            k - +2 hat "Nevot" {rElec rC++ Dex-5 Slay+3}
rElec   +            A - +0 cloak {Stlth+}
rCorr   .            (gloves unavailable)
SInv    .            (boots unavailable)
Will    ++...        h - amulet "Haweablo" {Reflect rElec Str+4 SH+5}
Stlth   +++          Y - +4 ring of slaying
HPRegen 1.24/turn    j - ring of Vakauny {rF+ EV+5}
MPRegen 0.14/turn

%: reflection
@: about to teleport, slowed, constricted, studying Poison Magic, very slow
A: large, unfitting armour, claws 3, regeneration 1, shaggy fur 1, tough skin 1,
horns 1, iridescent scales 3, thin skeletal structure 1, strong-willed 1, wild
magic 1, MP-powered wands, noise suppression
a: Renounce Religion


You were on level 1 of the Snake Pit.
You worshipped Xom.
You were a very special plaything of Xom.
You visited 4 branches of the dungeon, and saw 23 of its levels.
You also visited: Ossuary, Bailey and Gauntlet.

You collected 2229 gold pieces.
You spent 1886 gold pieces at shops.


Innate Abilities, Weirdness & Mutations

You are too large for most types of armour.
You have claws for hands.
Your natural rate of healing is unusually fast.
You are covered in fur. (AC +1)
You have tough skin. (AC +1)
You have a pair of small horns on your head.
You are completely covered in iridescent scales. (AC +6)
You have a somewhat thin skeletal structure. (Dex +2, Stealth+)
You are strong-willed. (Will+)
Your spells are a little harder to cast, but a little more powerful.
You expend magic power (3 MP) to strengthen your wands.
You passively dampen the noise of your surroundings.


   Skills:
 + Level 9.1 Fighting
 - Level 22.0 Maces & Flails
 + Level 9.8 Armour
 - Level 1.9 Dodging


You had 14 spell levels left.
You didn't know any spells.
Your spell library contained the following spells:

 Spells                   Type           Power      Damage    Failure   Level
 Apportation              Tloc           0%         N/A       61%         1
 Magic Dart               Conj           0%         1d3       61%         1
 Necrotise                Necr           0%         1d4       61%         1
 Shock                    Conj/Air       0%         1d3       61%         1
 Summon Small Mammal      Summ           0%         N/A       61%         1
 Searing Ray              Conj           0%         2d4       73%         2
 Call Canine Familiar     Summ           0%         N/A       91%         3
 Ozocubu's Armour         Ice            0%         N/A       91%         3
 Stone Arrow              Conj/Erth      0%         3d7       91%         3
 Summon Guardian Golem    Hex/Summ       0%         N/A       91%         3
 Swiftness                Air            0%         N/A       91%         3
 Vampiric Draining        Necr           0%         2d6       91%         3
 Volatile Blastmotes      Fire/Tloc      0%         2d10      91%         3
 Airstrike                Air            0%         2d(0-16)  100%        4
 Animate Armour           Summ/Erth      0%         N/A       100%        4
 Brom's Barrelling Bould  Conj/Erth      0%         2d3       100%        4
 Fulminant Prism          Conj/Hex       0%         3d5       100%        4
 Iskenderun's Mystic Bla  Conj/Tloc      0%         2d3       100%        4
 Manifold Assault         Tloc           0%         N/A       100%        4
 Vhi's Electric Charge    Tloc/Air       0%         N/A       100%        4
 Agony                    Necr           0%         N/A       100%        5
 Arcjolt                  Conj/Air       0%         1d10      100%        5
 Fireball                 Conj/Fire      0%         3d3       100%        5
 Iskenderun's Battlesphe  Conj           0%         2d6       100%        5
 Metabolic Englaciation   Hex/Ice        0%         N/A       100%        5
 Conjure Ball Lightning   Conj/Air       0%         3x3d6     100%        6
 Dispersal                Tloc           0%         N/A       100%        6
 Simulacrum               Ice/Necr       0%         N/A       100%        6
 Orb of Destruction       Conj           0%         9d5       100%        7
 Ozocubu's Refrigeration  Ice            0%         4d7       100%        7
 Disjunction              Tloc           0%         N/A       100%        8
 Lehudib's Crystal Spear  Conj/Erth      0%         10d2      100%        8
 Maxwell's Capacitive Co  Air            0%         ∞         100%        8
 Polar Vortex             Ice            0%         N/A       100%        9

Inventory:

Hand Weapons
 a - a +4 giant spiked club of flaming (weapon)
 d - a +3 morningstar of freezing
Missiles
 B - a throwing net {=f}
 X - 25 large rocks {=f}
Armour
 i - +0 swamp dragon scales (worn)
 k - the +2 hat "Nevot" (worn) {rElec rC++ Dex-5 Slay+3}
   (You acquired it in a bailey)

   Dex-5:     It affects your dexterity (-5).
   Slay+3:    It affects your accuracy & damage with ranged weapons and melee
   (+3).
   rC++:      It greatly protects you from cold.
   rElec:     It insulates you from electricity.
 A - a +0 cloak of stealth (worn)
Jewellery
 h - the amulet "Haweablo" (around neck) {Reflect rElec Str+4 SH+5}
   (You acquired it on level 5 of the Dungeon)

   [amulet of reflection]

   Reflect:   It reflects blocked missile attacks.
   Str+4:     It affects your strength (+4).
   rElec:     It insulates you from electricity.
   SH+5:      It affects your SH (+5).
 j - the ring of Vakauny (right claw) {rF+ EV+5}
   (You bought it in a shop on level 2 of the Orcish Mines)

   [ring of evasion]

   EV+5:      It affects your evasion (+5).
   rF+:       It protects you from fire.
 r - the ring of the Scavenger {rPois MP+9 Str+3 Int+3 Slay+2}
   (You acquired it on level 5 of the Dungeon)

   [ring of magical power]

   Str+3:     It affects your strength (+3).
   Int+3:     It affects your intelligence (+3).
   Slay+2:    It affects your accuracy & damage with ranged weapons and melee
   (+2).
   rPois:     It protects you from poison MP+9: It affects your magic capacity
   (+9).
 v - a ring of see invisible
 y - a +4 ring of slaying
 C - a ring of protection from cold
 D - the ring of Barav {*Slow rF++ rN+ rCorr SInv}
   (You found it in a Gauntlet)

   [ring of see invisible]

   rF++:      It greatly protects you from fire.
   rN+:       It protects you from negative energy.
   SInv:      It lets you see invisible.
   rCorr:     It protects you from acid and corrosion.
   *Slow:     It may slow you when you take damage.
 E - a +5 ring of evasion
 L - a ring of flight
 W - a ring of willpower
 Y - a +4 ring of slaying (left claw)
Wands
 s - a wand of flame (37)
 J - a wand of paralysis (13)
 O - a wand of iceblast (5)
 P - a wand of mindburst (7)
 U - a wand of polymorph (9)
Scrolls
 b - 3 scrolls of enchant armour
 e - 2 scrolls of vulnerability
 g - 15 scrolls of teleportation {@r2}
 l - 6 scrolls of identify {@r1}
 n - a scroll of revelation
 t - a scroll of immolation
 u - a scroll of torment
 K - 3 scrolls of silence {!r}
 M - 5 scrolls of fog
 Q - 5 scrolls of blinking
 S - 2 scrolls of fear
Potions
 c - a potion of curing {@q1}
 f - 3 potions of enlightenment
 m - 2 potions of ambrosia
 o - 9 potions of heal wounds {@q2}
 p - 2 potions of berserk rage {!q}
 q - 6 potions of mutation
 w - 3 potions of magic
 x - 4 potions of haste {@q3}
 F - a potion of lignification
 G - a potion of cancellation
 H - 2 potions of might
 N - 2 potions of attraction
Miscellaneous
 z - a phial of floods
 I - a lightning rod (4/4)
 R - a phantom mirror

Dungeon Overview and Level Annotations

Branches:
Dungeon (15/15)            Temple (0/1) D:4            Lair (5/5) D:11
  Swamp (0/4) Lair:3        Snake (1/4) Lair:2          Orc (2/2) D:10
    Elf (0/3) Orc:2        Vaults (0/5) D:13         Depths (0/4) D:15
Ossuary (visited)          Bailey (visited)         Gauntlet (visited)
  Slime: Lair:4-5

Altars:
Ashenzari
Cheibriados
Dithmenos
Elyvilon
Fedhas
Gozag
Kikubaaqudgha
Nemelex Xobeh
Sif Muna
Trog
Wu Jian
Xom
Zin
The Shining One
Jiyva

Shops:
D:6 [   D:10 ?(   D:12 *   D:14 *   Orc:1 :   Orc:2 ?*!*?*

Annotations:
D:4 2 runed translucent doors
Lair:4 exclusion: oklob plant

..##### ##.. ..# .#. #
..# .. # .## ..# #####.
.# #.. ..###..#.##
.####..##. ...##..#..##
#...#.....
....##.....####.#...?...
....##.###...##NNN§.....
......## ###...N@N.....#
.####.# ##..N.S.....# .#
#.# ##.##......# ## #..
### ....##. #..# ##..# #
###...## ### . ......###
. ##.......## .##
###.........##..##


You could see a naga warrior (strong), 2 naga sharpshooters, a guardian serpent
and 3 nagas.


Message History

The naga sharpshooter blinks!
The naga warrior blinks!
The naga blinks! x2
The naga barely misses you. The naga completely misses you.
The naga sharpshooter unwields a +0 trident of protection.
The naga sharpshooter wields a +0 shortbow.
The naga sharpshooter shoots an arrow.
You block the arrow with an invisible shield... and reflect it back!
The arrow hits the naga sharpshooter!
You feel much better. The guardian serpent barely misses you.
The naga misses you. The naga grabs you. The naga constricts you.
* * * LOW HITPOINT WARNING * * *
The naga warrior hits you with a +0 trident!!
* * * LOW HITPOINT WARNING * * *
The naga spits poison at you.
You block the splash of poison... and reflect it back!
The splash of poison hits the naga.
The naga completely resists.
The naga barely misses you.
The guardian serpent hits you but does no damage.
The naga sharpshooter unwields a +0 trident.
The naga sharpshooter wields a +0 arbalest.
The naga sharpshooter mumbles some strange words.
The naga sharpshooter magically shoots a bolt.
The bolt hits you.
* * * LOW HITPOINT WARNING * * *
The naga sharpshooter shoots an arrow.
The arrow hits you!
* * * LOW HITPOINT WARNING * * *
The naga warrior hits you with a +0 trident!
* * * LOW HITPOINT WARNING * * *
The naga hits you with a +0 halberd!!
You die...
Xom snickers!

Skill      XL: |  1  2  3  4  5  6  7  8  9 10 11 12 13 14 15 |
---------------+----------------------------------------------+-----
Maces & Flails | 3 4 5 6 7 9 11 13 15 17 19 21 22 | 22.0
Armour         | 2 7 9 |  9.8
Fighting       | 6 9 |  9.1
Dodging        | |  1.9

Action                     |  1- 3 |  4- 6 |  7- 9 | 10-12 | 13-15 || total
---------------------------+-------+-------+-------+-------+-------++-------
  Melee: Mace              |   108 |   211 |    33 |       |       ||   352
         Punch             |     2 |     2 |     1 |     5 |       ||    10
         Flail             |       |       |   317 |       |       ||   317
         Morningstar       |       |       |    76 |   329 |       ||   405
         Giant spiked club |       |       |       |   195 |   762 ||   957
         Kick              |       |       |       |    31 |    71 ||   102
         Headbutt          |       |       |       |       |   126 ||   126
         Bite              |       |       |       |       |     3 ||     3
  Evoke: Wand              |       |       |    11 |     2 |    13 ||    26
         Phantom mirror    |       |       |       |       |     1 ||     1
         Phial of floods   |       |       |       |       |     1 ||     1
    Use: Scroll            |     1 |     7 |    12 |    13 |    12 ||    45
         Potion            |       |     2 |     3 |     4 |     5 ||    14
   Stab: Distracted        |     1 |       |     1 |       |     2 ||     4
         Sleeping          |       |       |     1 |     2 |     4 ||     7
         Confused          |       |       |       |     1 |     2 ||     3
         Paralysed         |       |       |       |     3 |     2 ||     5
         Petrified         |       |       |       |       |     3 ||     3
         Petrifying        |       |       |       |       |     1 ||     1
 Armour: Robe              |    89 |   124 |   172 |    72 |       ||   457
         Acid dragon scale |       |       |       |   266 |    66 ||   332
         Swamp dragon scal |       |       |       |       |   337 ||   337
  Dodge: Dodged            |    76 |   173 |   233 |   291 |   344 ||  1117
  Block: Other             |       |       |    53 |   111 |   139 ||   303
         Reflection        |       |       |       |     1 |    11 ||    12

Levels and vault maps discovered:
D:1:      tarquinn_simple_flora_water_c, layout_basic
D:2:      layout_rooms, chequers_arboretum, minmay_fractal_squares_5
D:3:      minmay_skewed_foursquare, layout_basic, mainiacjoe_overflow_catwalk,
          nicolae_concentric_dashed_squares_mild
D:4:      due_chaos_kobolds, layout_basic, good_gods_temple_1,
          overflow_temple_1_default, temple_green, minmay_manual_mares,
          uniq_robin
D:5:      layout_basic, nicolae_ossuary_entry_false_entrances,
          nicolae_the_louvre, uniq_edmund
D:6:      layout_loops_ring, gammafunk_temple_overflow_statue,
          nicolae_overflow_macrodata_refinement, serial_shops, shop,
          amcnicky_mini_pool_medium
D:7:      nicolae_cairo_tiling_large, layout_loops_cross
D:8:      layout_basic, enter_bailey_8, grunt_ministairs_8, uniq_joseph
D:9:      layout_layer_cave, grunt_temple_overflow_opulence
D:10:     layout_roguey, minmay_orc_entry_guard_dogs, serial_shops,
          nicolae_take_the_stairs, nicolae_shop_drivethru
D:11:     layout_cave_pods, lair_entry_dummy
D:12:     layout_gridville, guppyfry_shop_venom, uniq_fannar
D:13:     layout_grid_maze, grunt_vaults_entry_tiered
D:14:     layout_stronghold, serial_bayou, serial_bayou_pond_a,
          serial_bayou_shore_b, serial_bayou_shore_a, serial_bayou_pond_a,
          lemuel_doored_altar, nicolae_blasting_shop, slow_altar_1, uniq_rupert,
          uniq_azrael
D:15:     grunt_enter_depths_giant_problem, layout_cave_pools,
          minmay_misc_feat_rugged
Lair:1:   layout_gridlike, grunt_megastairs_2
Lair:2:   layout_cave_pods, guppyfry_snake_entry_garden
Lair:3:   layout_chaotic_city, alex1729_swamp_entry_worm_eleionoma, uniq_snorg
Lair:4:   layout_roguey, minmay_slime_entry_oklob_enclosed, beast_lair_carwin_6
Lair:5:   evilmike_catoblepas_cave, layout_cellular_growth,
          gauntlet_entry_generic, grunt_megastairs_3
Snake:1:  layout_chambers, nicolae_snake_snakes_in_the_grass
Orc:1:    layout_caves, serial_shops, nicolae_shop_rolling_square,
          nicolae_volcano_entry_vermiform, minmay_orc_temple_c
Orc:2:    st_orc_town, layout_diamond_mine, serial_shops,
          nicolae_shop_real_fake_doors, nicolae_shop_gadgets, uniq_josephine,
          uniq_maurice

Notes
Turn   | Place    | Note
-------+----------+-------------------------------------------
     0 | D:1      | demibob the Troll Chaos Knight began the quest for the Orb.
     0 | D:1      | Reached XP level 1. HP: 22/22 MP: 0/0
    59 | D:1      | Reached skill level 3 in Maces & Flails
   164 | D:1      | XOM is BORED!
   164 | D:1      | XOM: silly message
   363 | D:1      | XOM: divination: magic mapping
   588 | D:2      | Reached XP level 2. HP: 28/29 MP: 1/1
   642 | D:2      | Reached XP level 3. HP: 33/36 MP: 2/2
   704 | D:2      | Reached skill level 4 in Maces & Flails
   974 | D:2      | Reached XP level 4. HP: 44/44 MP: 3/3
  1218 | D:3      | Found a shimmering altar of Xom.
  1528 | D:3      | Reached skill level 5 in Maces & Flails
  1575 | D:3      | XOM: silly message
  1817 | D:3      | XOM: give mutation
  1817 | D:3      | Gained mutation: Your body sometimes deteriorates upon
                  | taking damage. [Xom's mischief]
  1863 | D:4      | Noticed a centaur
  1866 | D:4      | Noticed a centaur
  1872 | D:4      | XOM: enchant monster (good)
  1877 | D:4      | Killed a centaur
  1878 | D:4      | Reached XP level 5. HP: 38/50 MP: 4/4
  1885 | D:4      | Killed a centaur
  1885 | D:4      | XOM: confusion (+ monsters)
  1886 | D:4      | Reached skill level 6 in Maces & Flails
  1886 | D:4      | Reached XP level 6. HP: 44/59 MP: 5/5
  1899 | D:4      | XOM: enchant monster (good)
  1929 | D:4      | XOM: confuse monster(s)
  1968 | D:4      | Noticed Robin
  1982 | D:4      | XOM: god gift: ring mail {god gift}
  2059 | D:4      | Killed Robin
  2074 | D:4      | XOM: draining
  2079 | D:4      | Reached skill level 7 in Maces & Flails
  2145 | D:4      | Found a broken altar of Ashenzari.
  2256 | D:4      | Found a large runed translucent door.
  2257 | D:4      | Found a large runed translucent door.
  2257 | D:4      | Found a shimmering altar of Xom.
  2321 | D:4      | Found a glowing silver altar of Zin.
  2322 | D:4      | Found a glowing golden altar of the Shining One.
  2324 | D:4      | Found a white marble altar of Elyvilon.
  2465 | D:4      | Found a staircase to the Ecumenical Temple.
  2853 | D:5      | Entered Level 5 of the Dungeon
  2932 | D:5      | XOM: draining
  2952 | D:5      | Reached XP level 7. HP: 47/50 MP: 6/6
  2982 | D:5      | Found a sand-covered staircase.
  3017 | D:5      | Noticed Edmund
  3031 | D:5      | Killed Edmund
  3032 | D:5      | XOM: divination: detect creatures
  3039 | D:5      | XOM: butterfly on damage
  3043 | D:5      | Reached skill level 8 in Maces & Flails
  3072 | Ossuary  | Entered an ossuary
  3087 | Ossuary  | XOM: 4-stop teleportation journey
  3313 | D:5      | Identified a scroll of acquirement
  3313 | D:5      | Acquired the amulet "Haweablo" {Reflect rElec Str+4 SH+5}
  3514 | D:5      | Acquired the ring of the Scavenger {rPois MP+9 Str+3 Int+3
                  | Slay+2}
  3546 | D:5      | XOM: give mutation
  3546 | D:5      | Gained mutation: You are partially covered in iridescent
                  | scales. (AC +2) [Xom's grace]
  3803 | D:6      | Found Dasumaqe's Armour Shop.
  3929 | D:6      | XOM: give mutations
  3929 | D:6      | Gained mutation: Your muscles are strong. (Str +4, Int/Dex
                  | -1) [Xom's grace]
  3929 | D:6      | Gained mutation: You are agile. (Dex +4, Str/Int -1) [Xom's
                  | grace]
  4048 | D:6      | Reached skill level 9 in Maces & Flails
  4048 | D:6      | Reached XP level 8. HP: 74/74 MP: 7/7
  4075 | D:6      | XOM: give mutations
  4075 | D:6      | Gained mutation: You are mostly covered in iridescent
                  | scales. (AC +4) [Xom's mischief]
  4075 | D:6      | Lost mutation: Your muscles are strong. (Str +4, Int/Dex
                  | -1) [Xom's mischief]
  4075 | D:6      | Gained mutation: You occasionally lose the ability to read
                  | scrolls when taking damage. [Xom's mischief]
  4075 | D:6      | Gained mutation: Your mind is acute. (Int +4, Str/Dex -1)
                  | [Xom's mischief]
  4091 | D:6      | Found an ornate altar of the Wu Jian Council.
  4093 | D:6      | Found a blossoming altar of Fedhas.
  4098 | D:6      | Found a shimmering blue altar of Sif Muna.
  4106 | D:6      | Found an ancient bone altar of Kikubaaqudgha.
  4140 | D:6      | Found a bloodstained altar of Trog.
  4140 | D:6      | Found a shadowy altar of Dithmenos.
  4307 | D:6      | XOM: scenery: create altars
  4620 | D:6      | Lost mutation: Your mind is acute. (Int +4, Str/Dex -1)
                  | [potion of mutation]
  4620 | D:6      | Lost mutation: You occasionally lose the ability to read
                  | scrolls when taking damage. [potion of mutation]
  4620 | D:6      | Lost mutation: You are agile. (Dex +4, Str/Int -1) [potion
                  | of mutation]
  4783 | D:7      | Reached skill level 10 in Maces & Flails
  4891 | D:7      | XOM: silly message
  4899 | D:7      | XOM: 6-stop teleportation journey
  4903 | D:7      | XOM: divination: detect items
  4907 | D:7      | XOM: polymorph howler monkey -> killer bee
  5098 | D:7      | XOM: swap monsters
  5171 | D:7      | Reached skill level 11 in Maces & Flails
  5276 | D:7      | XOM: summons 5 friendly demons
  5292 | D:7      | Reached XP level 9. HP: 64/75 MP: 8/8
  5644 | D:8      | Noticed Joseph
  5660 | D:8      | XOM: summons 4 friendly demons
  5666 | D:8      | Killed Joseph
  5685 | D:8      | XOM: polymorph iron imp -> quasit
  5718 | D:8      | Reached skill level 12 in Maces & Flails
  5718 | D:8      | Identified the +0 leather armour of the Snake Pit {Rampage
                  | rPois rN+ Will+}
  5753 | D:8      | Found a flagged portal.
  5762 | Bailey   | Entered a bailey
  5767 | Bailey   | Noticed an orc warlord
  5775 | Bailey   | XOM: summons 1 hostile demon
  5819 | Bailey   | Noticed an orc knight
  5824 | Bailey   | XOM: enchant monster (good)
  5825 | Bailey   | XOM: polymorph orc -> jackal
  5839 | Bailey   | Killed an orc knight
  5898 | Bailey   | Found a runed translucent gate.
  5898 | Bailey   | Found a runed translucent gate.
  5898 | Bailey   | Found a runed translucent gate.
  6054 | Bailey   | XOM: polymorph gnoll -> frilled lizard
  6056 | Bailey   | XOM: fog
  6061 | Bailey   | Killed an orc warlord
  6062 | Bailey   | Reached skill level 13 in Maces & Flails
  6062 | Bailey   | Reached XP level 10. HP: 76/88 MP: 9/9
  6122 | Bailey   | Acquired the +2 hat "Nevot" {rElec rC++ Dex-5 Slay+3}
  6175 | D:8      | XOM: smoke on damage
  6346 | D:8      | XOM: summons friendly crimson imp
  6347 | D:8      | XOM: summons 2 friendly demons
  6460 | D:8      | Reached skill level 14 in Maces & Flails
  7024 | D:9      | XOM: confuse monster(s)
  7026 | D:9      | XOM: blink monster(s)
  7237 | D:9      | XOM: confusion
  7297 | D:9      | You fall into a shaft and drop 2 floors!
  7465 | D:11     | Noticed a cyclops
  7467 | D:10     | Entered Level 10 of the Dungeon
  7467 | D:10     | Found Viuhic's Weapon Boutique.
  7481 | D:11     | Killed a cyclops
  7518 | D:11     | Reached skill level 15 in Maces & Flails
  7530 | D:11     | XOM: blink monster(s)
  7591 | D:10     | Found a staircase to the Orcish Mines.
  7687 | D:9      | Reached XP level 11. HP: 94/94 MP: 10/10
  8009 | D:9      | Found an opulent altar of Gozag.
  8009 | D:9      | Found a sparkling altar of Nemelex Xobeh.
  8026 | D:9      | XOM: draining
  8565 | D:10     | Found a transporter.
  8597 | D:10     | Found a transporter.
  8597 | D:10     | Found Focumutz's Magic Scroll Shoppe.
  8712 | D:10     | Reached skill level 16 in Maces & Flails
  8933 | D:10     | Bought a scroll of enchant weapon for 105 gold pieces
  8933 | D:10     | Bought a scroll of blinking for 105 gold pieces
  8933 | D:10     | Bought a scroll of teleportation for 42 gold pieces
  8933 | D:10     | Bought a scroll of teleportation for 42 gold pieces
  8933 | D:10     | Bought a scroll of teleportation for 42 gold pieces
  9106 | D:11     | XOM is BORED!
  9221 | D:11     | Found a staircase to the Lair.
  9269 | D:11     | XOM: summons 6 hostile demons
  9287 | D:11     | Paralysed by a chaos spawn for 3 turns
  9402 | D:11     | XOM: noise
  9542 | Lair:1   | Entered Level 1 of the Lair of Beasts
  9602 | Lair:1   | XOM: snakes to sticks
  9814 | Lair:1   | XOM: noise
  9861 | Lair:1   | XOM: noise
 10199 | Lair:1   | XOM: noise
 10243 | Lair:1   | Reached skill level 17 in Maces & Flails
 10460 | Lair:1   | XOM: enchant monster (good)
 10466 | Lair:1   | XOM: cleaving
 10704 | Lair:2   | Noticed a catoblepas
 10720 | Lair:2   | Killed a catoblepas
 10840 | Lair:2   | Found a staircase to the Snake Pit.
 10938 | Lair:2   | XOM: 2-stop teleportation journey
 11052 | Lair:2   | Reached XP level 12. HP: 104/104 MP: 11/11
 11131 | Lair:2   | XOM: silly message
 11134 | Lair:2   | XOM: polymorph basilisk -> hornet
 11136 | Lair:2   | Paralysed by a hornet for 3 turns
 11168 | Lair:2   | XOM: 1-stop teleportation journey
 11660 | Lair:3   | Identified the +0 scimitar of Sudden Death {flame, *Noise
                  | rElec rF++ Str+8}
 11668 | Lair:3   | Reached skill level 18 in Maces & Flails
 11708 | Lair:3   | Noticed a five-headed hydra
 11714 | Lair:3   | Killed a five-headed hydra
 11759 | Lair:3   | XOM: summons 12 friendly demons
 11780 | Lair:3   | Noticed Snorg
 11787 | Lair:3   | Killed Snorg
 11932 | Lair:3   | Found a staircase to the Swamp.
 11932 | Lair:3   | Noticed an eleionoma
 11940 | Lair:3   | Killed an eleionoma
 12067 | Lair:3   | XOM: give mutation
 12067 | Lair:3   | Gained mutation: You are dopey. (Int -2) [Xom's mischief]
 12078 | Lair:3   | Identified the +2 hand axe of Iroebb {antimagic, Int+5}
 12202 | Lair:3   | XOM: scenery: 1 doors open
 12326 | Lair:3   | XOM: give mutations
 12326 | Lair:3   | Gained mutation: You have sharp toenails. [Xom's grace]
 12326 | Lair:3   | Gained mutation: You are completely covered in iridescent
                  | scales. (AC +6) [Xom's grace]
 12326 | Lair:3   | Gained mutation: You have a somewhat thin skeletal
                  | structure. (Dex +2, Stealth+) [Xom's grace]
 12326 | Lair:3   | Gained mutation: Your muscles are strong. (Str +4, Int/Dex
                  | -1) [Xom's grace]
 12476 | Lair:4   | XOM: god gift: 55 gold pieces
 12641 | Lair:4   | Noticed a five-headed hydra
 12741 | Lair:4   | Reached skill level 19 in Maces & Flails
 12781 | Lair:4   | XOM: enchant monster (good)
 12949 | Lair:4   | Identified the +0 robe of the Sky {Dex+3}
 13081 | Lair:4   | XOM: enchant monster (good)
 13100 | Lair:4   | Found a viscous altar of Jiyva.
 13159 | Lair:5   | Entered Level 5 of the Lair of Beasts
 13182 | Lair:5   | Noticed a four-headed hydra
 13203 | Lair:5   | Killed a four-headed hydra
 13267 | Lair:5   | Found a gate leading to a gauntlet.
 13276 | Gauntlet | Entered a Gauntlet
 13276 | Gauntlet | Noticed a catoblepas
 13276 | Gauntlet | Found a transporter.
 13276 | Gauntlet | Found a runed translucent gate.
 13276 | Gauntlet | Found a transporter.
 13276 | Gauntlet | Found a runed translucent gate.
 13283 | Gauntlet | Found a runed translucent gate.
 13294 | Gauntlet | Found a transporter.
 13298 | Gauntlet | Found a transporter.
 13306 | Gauntlet | Found a transporter.
 13310 | Gauntlet | Found a transporter.
 13322 | Gauntlet | Found a transporter.
 13327 | Gauntlet | Found a runed translucent door.
 13335 | Gauntlet | Found a transporter.
 13349 | Gauntlet | Found a transporter.
 13353 | Gauntlet | Found a transporter.
 13355 | Gauntlet | Found a runed translucent door.
 13357 | Gauntlet | Found a runed translucent door.
 13361 | Gauntlet | Found a transporter.
 13365 | Gauntlet | Found a transporter.
 13415 | Gauntlet | Killed a catoblepas
 13421 | Gauntlet | Identified the ring of Barav {*Slow rF++ rN+ rCorr SInv}
 13456 | Gauntlet | XOM: divination: magic mapping
 13466 | Gauntlet | Identified the +2 hat "Xenweala" {rN+ Str-4 Stlth+}
 13496 | Gauntlet | XOM: cast spell 'Summon Horrible Things'
 13500 | Gauntlet | Reached XP level 13. HP: 101/110 MP: 12/12
 13512 | Gauntlet | Identified the ring "Omuveaq" {rN+++ rCorr Str-5 Int+6
                  | Stlth-}
 13522 | Gauntlet | Identified the +1 plate armour "Emaffiomm" {Harm Drain
                  | Int+3 SInv}
 13522 | Gauntlet | Noticed a minotaur
 13531 | Gauntlet | Killed a minotaur
 13532 | Gauntlet | Reached skill level 20 in Maces & Flails
 13632 | Lair:5   | XOM: polymorph black mamba -> shapeshifter
 13669 | Lair:5   | XOM: 1-stop teleportation journey
 13859 | Lair:5   | XOM: 4-stop teleportation journey
 13889 | Lair:5   | XOM: confusion (+ monsters)
 13951 | Lair:5   | XOM: cast spell 'Olgreb's Toxic Radiance'
 13961 | Lair:5   | XOM: cast spell 'Olgreb's Toxic Radiance'
 14019 | Lair:5   | XOM is BORED!
 14019 | Lair:5   | XOM: summons 1 hostile shadow creature
 14140 | Lair:5   | XOM: 1-stop teleportation journey
 14363 | Lair:5   | XOM: polymorph yak -> raiju
 14383 | Lair:5   | Reached skill level 21 in Maces & Flails
 14425 | Lair:5   | XOM: confusion
 15051 | D:12     | XOM: scenery: 1 doors open, 1 doors close
 15070 | D:12     | XOM: give mutations
 15070 | D:12     | Gained mutation: You are strong-willed. (Will+) [Xom's
                  | grace]
 15070 | D:12     | Gained mutation: You have a pair of small horns on your
                  | head. [Xom's grace]
 15384 | D:12     | Found Cakat's Serpentskin Sales.
 15391 | D:12     | Bought +0 swamp dragon scales for 800 gold pieces
 15610 | Orc:1    | XOM: noise
 15610 | Orc:1    | Entered Level 1 of the Orcish Mines
 15610 | Orc:1    | Noticed an orc warlord
 15626 | Orc:1    | Reached skill level 1 in Armour
 15630 | Orc:1    | Killed an orc warlord
 15681 | Orc:1    | XOM: divination: magic mapping
 15686 | Orc:1    | XOM: polymorph orc priest -> river rat
 15870 | Orc:1    | Found Pulaeg's Book Shop.
 15886 | Orc:1    | Reached skill level 2 in Armour
 15886 | Orc:1    | Reached XP level 14. HP: 118/118 MP: 13/13
 15944 | Orc:1    | XOM: confusion (+ monsters)
 15946 | Orc:1    | XOM: scenery: create altars
 15995 | Orc:1    | XOM: noise
 16051 | Orc:1    | XOM: give mutations
 16051 | Orc:1    | Lost mutation: Your muscles are strong. (Str +4, Int/Dex
                  | -1) [Xom's mischief]
 16051 | Orc:1    | Gained mutation: You sometimes lose your temper in combat.
                  | [Xom's mischief]
 16051 | Orc:1    | Lost mutation: You sometimes lose your temper in combat.
                  | [Xom's mischief]
 16093 | Orc:1    | Reached skill level 3 in Armour
 16140 | Orc:1    | XOM: give mutations
 16140 | Orc:1    | Lost mutation: You have sharp toenails. [Xom's mischief]
 16140 | Orc:1    | Gained mutation: You have very sharp teeth. [Xom's
                  | mischief]
 16266 | Orc:2    | Entered Level 2 of the Orcish Mines
 16267 | Orc:2    | Noticed Maurice
 16275 | Orc:2    | Killed Maurice
 16337 | Orc:2    | Found Jodi Cue's Gadget Gallery.
 16339 | Orc:2    | Noticed Josephine
 16546 | Orc:2    | Reached skill level 22 in Maces & Flails
 16547 | Orc:2    | XOM: noise
 16550 | Orc:2    | Killed Josephine
 16551 | Orc:2    | Reached skill level 4 in Armour
 16562 | Orc:2    | XOM: swap monsters
 16621 | Orc:2    | XOM: give mutations
 16621 | Orc:2    | Lost mutation: You are dopey. (Int -2) [Xom's mischief]
 16621 | Orc:2    | Lost mutation: You have very sharp teeth. [Xom's mischief]
 16621 | Orc:2    | Lost mutation: Your body sometimes deteriorates upon taking
                  | damage. [Xom's mischief]
 16621 | Orc:2    | Gained mutation: You expend magic power (3 MP) to
                  | strengthen your wands. [Xom's mischief]
 16622 | Orc:2    | Found a staircase to the Elven Halls.
 16711 | Orc:2    | XOM: divination: magic mapping
 16723 | Orc:2    | Reached skill level 3 in Fighting
 16724 | Orc:2    | XOM: enchant monster (good)
 16742 | Orc:2    | Reached skill level 5 in Armour
 16746 | Orc:2    | XOM: enchant monster (bad)
 16761 | Orc:2    | XOM: cast spell 'Call Canine Familiar'
 16885 | Orc:2    | XOM: noise
 16917 | Orc:2    | XOM: divination: detect creatures
 16958 | Orc:2    | Found Juxypew's Magic Scroll Boutique.
 17040 | Orc:2    | XOM: polymorph orc warrior -> boggart
 17054 | Orc:2    | XOM: fog
 17056 | Orc:2    | Reached skill level 4 in Fighting
 17061 | Orc:2    | XOM: cleaving
 17081 | Orc:2    | Found Zorex's Assorted Antiques.
 17081 | Orc:2    | Found Feabaijak's Distillery.
 17132 | Orc:2    | Found Tabaun's Magic Scroll Shoppe.
 17132 | Orc:2    | Found Qetutot's General Store.
 17148 | Orc:2    | XOM: summons friendly iron imp
 17291 | Orc:2    | XOM: cloud trail
 17360 | Orc:2    | XOM: draining
 17455 | Orc:2    | Upgraded the game from 0.31-a0-851-g7ff8af7976 to
                  | 0.31-a0-854-g362426d53f
 17481 | Orc:2    | Bought the ring of Vakauny {rF+ EV+5} for 750 gold pieces
 17575 | D:12     | Noticed Fannar
 17579 | D:12     | XOM: summons friendly shadow imp
 17582 | D:12     | Killed Fannar
 17613 | D:13     | XOM: noise
 17666 | D:13     | XOM: enchant monster (bad)
 17683 | D:13     | Reached skill level 6 in Armour
 17698 | D:13     | XOM: destruction
 17705 | D:13     | Reached skill level 5 in Fighting
 17709 | D:13     | XOM: swap monsters
 17734 | D:13     | XOM: polymorph human -> shapeshifter
 17759 | D:13     | Identified the +8 battleaxe "Bimiypnu" {antimagic, Will++
                  | Str+7 Dex-3}
 17812 | D:13     | Found a gate to the Vaults.
 18045 | D:13     | XOM: divination: magic mapping
 18183 | D:13     | XOM: scenery: 1 doors close
 18240 | D:13     | XOM: god gift: 6 stones
 18716 | D:14     | Found a snail-covered altar of Cheibriados.
 18734 | D:14     | Noticed Azrael
 18748 | D:14     | Reached skill level 7 in Armour
 18750 | D:14     | XOM: enchant monster (good)
 18751 | D:14     | XOM: summons friendly white imp
 18760 | D:14     | Killed Azrael
 18763 | D:14     | Reached skill level 6 in Fighting
 18861 | D:14     | XOM: polymorph cyan ugly thing -> brown ugly thing
 18862 | D:14     | XOM: cast spell 'Summon Dragon'
 18904 | D:14     | Reached XP level 15. HP: 133/136 MP: 14/14
 18924 | D:14     | XOM: 2-stop teleportation journey
 19005 | D:14     | Found a shimmering altar of Xom.
 19138 | D:14     | XOM: give mutations
 19138 | D:14     | Gained mutation: Your spells are a little harder to cast,
                  | but a little more powerful. [Xom's grace]
 19138 | D:14     | Gained mutation: You passively dampen the noise of your
                  | surroundings. [Xom's grace]
 19140 | D:14     | Noticed Rupert
 19144 | D:14     | XOM: divination: detect items
 19148 | D:14     | Paralysed by Rupert for 3 turns
 19152 | D:14     | Killed Rupert
 19160 | D:14     | Found Hiffacus's Demolitions Depot.
 19604 | D:15     | XOM: stealth player
 19604 | D:15     | Entered Level 15 of the Dungeon
 19650 | D:15     | XOM: summons friendly iron imp
 19705 | D:15     | XOM: cast spell 'Leda's Liquefaction'
 19714 | D:15     | Reached skill level 7 in Fighting
 19714 | D:15     | Reached skill level 8 in Armour
 19726 | D:15     | XOM: scenery: create altars
 19810 | D:15     | XOM: enchant monster (good)
 19884 | D:14     | Identified Aclit's Folio of Guile and the Syncline (Xom
                  | gifted it to you on level 14 of the Dungeon)
 19884 | D:14     | XOM: god gift: Aclit's Folio of Guile and the Syncline
 19959 | D:15     | XOM: summons 2 friendly demons
 20123 | D:15     | Found a staircase to the Depths.
 20129 | D:15     | XOM: confuse monster(s)
 20131 | D:15     | Reached skill level 8 in Fighting
 20187 | D:15     | Reached skill level 9 in Armour
 20196 | D:15     | XOM: enchant monster (good)
 20295 | D:15     | XOM: summons 5 hostile demons
 20571 | Snake:1  | Entered Level 1 of the Snake Pit
 20848 | Snake:1  | XOM: chaos upgrade
 20868 | Snake:1  | XOM: silly message
 20882 | Snake:1  | XOM: blink monster(s)
 20891 | Snake:1  | XOM: blink monster(s)
 20962 | Snake:1  | XOM: silly message
 20963 | Snake:1  | Reached skill level 9 in Fighting
 21118 | Snake:1  | XOM: summons 2 hostile shadow creatures
 21120 | Snake:1  | HP: 6/146 [naga warrior/+0 trident (13)]
 21120 | Snake:1  | Annihilated by a naga

Vanquished Creatures
  Rupert (D:14)
  2 orc warlords
  A stone giant (D:15)
  Azrael (D:14)
  An eleionoma (Lair:3)
  A minotaur (Gauntlet)
  Snorg (Lair:3)
  Josephine (Orc:2)
  Fannar (D:12)
  2 vault guards (D:13)
  3 boulder beetles
  A centaur warrior (D:15)
  7 hydras
  5 catoblepae
  2 anacondas (Snake:1)
  2 two-headed ogres
  5 naga warriors (Snake:1)
  6 death yaks (Lair:5)
  2 orc high priests (Orc:1)
  A naga sharpshooter (Snake:1)
  A skyshark (Lair:4)
  5 skeletal warriors (D:15)
  2 glowing orange brains (Gauntlet)
  A lindwurm (shapeshifter) (D:14)
  A naga ritualist (Snake:1)
  A lindwurm (Orc:1)
  10 orc knights
  2 deep elf pyromancers
  2 necromancers (D:13)
  5 orc sorcerers
  25 ugly things
  2 mana vipers (Snake:1)
  6 cyclopes
  3 manticores
  6 black mambas
  Maurice (Orc:2)
  Joseph (D:8)
  5 naga magi (Snake:1)
  2 gargoyles
  An unseen horror (D:8)
  11 cane toads
  An efreet (D:15)
  2 rime drakes (Lair:3)
  A yaktaur (D:15)
  A tengu conjurer (D:14)
  8 komodo dragons
  A kobold demonologist (D:10)
  A polar bear (Lair:5)
  A raiju (Lair:5)
  10 trolls
  A hornet (shapeshifter) (Lair:5)
  2 hornets
  A raiju (shapeshifter) (D:13)
  A shadow (D:9)
  3 water elementals (D:14)
  A vampire (D:10)
  A wyvern (Lair:4)
  3 basilisks
  A steam dragon (D:10)
  9 wraiths
  41 yaks
  2 fire elementals (D:14)
  20 humans (D:13)
  14 wargs
  7 vampire mosquitoes
  2 swamp worms (Gauntlet)
  Edmund (D:5)
  4 hell hounds (D:14)
  2 acid dragons
  14 nagas
  40 orc warriors
  16 water moccasins
  2 black bears
  2 sky beasts
  11 ogres
  A boggart (Orc:2)
  11 wolves
  8 centaurs
  A phantom (D:6)
  2 kobold brigands (D:10)
  2 gnoll sergeants
  6 bullfrogs
  A scorpion (D:4)
  A water moccasin zombie (Ossuary)
  15 wights
  2 killer bees
  3 electric eels
  12 howler monkeys
  13 orc priests
  A sleepcap (D:5)
  3 hounds
  5 jellies
  An iron imp (D:14)
  An iguana (D:4)
  9 orc wizards
  A boggart simulacrum (D:14)
  2 mummies (Ossuary)
  Robin (D:4)
  8 gnolls
  13 adders
  A river rat (Orc:1)
  2 white imps
  An ufetubus (D:5)
  4 adder zombies (Ossuary)
  3 worms
  4 dart slugs
  89 orcs
  3 endoplasms
  2 giant cockroaches (D:4)
  6 gnoll zombies (Ossuary)
  20 goblins
  16 hobgoblins
  A jackal (Bailey)
  6 quokkas
  6 ball pythons
  8 bats
  3 frilled lizards
  8 hobgoblin zombies (Ossuary)
  19 kobolds
  3 kobold zombies (Ossuary)
  4 orc zombies (Ossuary)
  3 rats (D:2)
701 creatures vanquished.

Vanquished Creatures (collateral kills)
  3 ugly things
  A tengu conjurer (D:14)
  A wight (D:7)
  An orc (D:4)
6 creatures vanquished.

Vanquished Creatures (others)
  A hound (D:4)
1 creature vanquished.

Grand Total: 708 creatures vanquished

Table legend: (Time is in decaauts)
 A = Elapsed time spent in this place.
 B = Non-inter-level travel time spent in this place.
 C = Inter-level travel time spent in this place.
 D = Time resting spent in this place.
 E = Time spent auto-exploring this place.
 F = Levels seen in this place.
 G = Mean time per level.
                   A        B        C        D        E       F      G
               +--------+--------+--------+--------+--------+-----+--------+
         Total |  20782 |  19581 |   1201 |    621 |  14561 |  26 |  799.3 |
       Dungeon |  12583 |  11817 |    766 |    173 |   9321 |  15 |  838.9 |
          Lair |   4964 |   4638 |    326 |    307 |   3495 |   5 |  992.8 |
     Snake Pit |    525 |    525 |      0 |     27 |    331 |   1 |  525.0 |
  Orcish Mines |   1793 |   1685 |    108 |     87 |   1030 |   2 |  896.5 |
       Ossuary |    235 |    235 |      0 |      0 |     92 |   1 |  235.0 |
        Bailey |    367 |    367 |      0 |     27 |    148 |   1 |  367.0 |
      Gauntlet |    313 |    313 |      0 |      0 |    144 |   1 |  313.0 |
               +--------+--------+--------+--------+--------+-----+--------+

Top non-repeatable levels by time:
  Lair:5: 1202 daAuts
  Lair:1: 1181 daAuts
    D:13: 1129 daAuts
     D:8: 1049 daAuts
     D:4: 1006 daAuts
  Lair:2: 1000 daAuts
   Orc:2: 980 daAuts
    D:11: 929 daAuts
    D:14: 911 daAuts
    D:10: 896 daAuts
     D:6: 880 daAuts
     D:9: 873 daAuts
     D:7: 863 daAuts
  Lair:4: 842 daAuts
   Orc:1: 812 daAuts

Table legend:
 A = Non-vault XP
 B = Vault XP
 C = Vault XP percentage of total XP
 D = Non-vault monster count
 E = Vault monster count
 F = Vault count percentage of total count
                 A         B        C        D         E       F
            +---------+---------+-------+---------+---------+-------
      Total |   87341 |   57056 |  39.5 |     418 |     289 |  40.9
            +---------+---------+-------+---------+---------+-------
        D:1 |      11 |       0 |   0.0 |       7 |       0 |   0.0
        D:2 |      67 |      23 |  25.6 |      24 |       8 |  25.0
        D:3 |      70 |      10 |  12.5 |      14 |       6 |  30.0
        D:4 |     234 |     268 |  53.4 |      22 |      15 |  40.5
        D:5 |     374 |     157 |  29.6 |      17 |       1 |   5.6
        D:6 |     285 |     192 |  40.3 |      12 |       4 |  25.0
        D:7 |    1397 |       0 |   0.0 |      18 |       0 |   0.0
        D:8 |    1067 |     862 |  44.7 |      17 |       3 |  15.0
        D:9 |    1667 |       0 |   0.0 |      21 |       0 |   0.0
       D:10 |    2654 |     493 |  15.7 |      21 |       3 |  12.5
       D:11 |    2135 |       0 |   0.0 |      12 |       0 |   0.0
       D:12 |    3946 |    1038 |  20.8 |      10 |       2 |  16.7
       D:13 |    3749 |    6670 |  64.0 |       7 |      25 |  78.1
       D:14 |    8606 |    3915 |  31.3 |      22 |       9 |  29.0
       D:15 |   20347 |    1114 |   5.2 |      36 |       1 |   2.7
     Lair:1 |    4381 |     298 |   6.4 |      25 |       2 |   7.4
     Lair:2 |    3954 |     153 |   3.7 |      13 |       1 |   7.1
     Lair:3 |    2592 |    1976 |  43.3 |       8 |       2 |  20.0
     Lair:4 |    2457 |    1788 |  42.1 |      10 |       6 |  37.5
     Lair:5 |    8595 |   11579 |  57.4 |      25 |      25 |  50.0
    Snake:1 |   10912 |    2964 |  21.4 |      26 |       6 |  18.8
      Orc:1 |    5139 |    6325 |  55.2 |      31 |      44 |  58.7
      Orc:2 |    2702 |   10245 |  79.1 |      20 |      65 |  76.5
    Ossuary |       0 |     168 | 100.0 |       0 |      28 | 100.0
     Bailey |       0 |    2143 | 100.0 |       0 |      25 | 100.0
   Gauntlet |       0 |    4675 | 100.0 |       0 |       8 | 100.0
            +---------+---------+-------+---------+---------+-------
